 Dungeon Crawl Stone Soup version 0.31-a0-271-gb88eb75 (webtiles) character file.

Game seed: 15518165616335085660

55315 Dawnplanks the Gelid (level 14, 0/90 HPs)
             Began as an Octopode Ice Elementalist on July 14, 2023.
             Was an Initiate of Gozag.
             Slain by a komodo dragon simulacrum (7 damage)
             ... in an ice cave.
             The game lasted 01:11:00 (19421 turns).

Dawnplanks the Gelid (Octopode Ice Elementalist)   Turns: 19421, Time: 01:11:04

Health: 0/90       AC: 23    Str: 20    XL:     14   Next: 76%
Magic:  4/30       EV: 20    Int: 27    God:    Gozag
Gold:   2034       SH:  0    Dex: 13    Spells: 19/38 levels left

rFire   . . .        o - +2 scythe (protect)
rCold   + . .        (shield currently unavailable)
rNeg    + . .        r - +2 hat
rPois   .            v - amulet "Pickots" {Faith rC+ rN+ Regen+}
rElec   .            s - ring of ice
rCorr   .            N - ring of flight
SInv    +            Q - ring of fire
Will    +....        R - +6 ring of strength
Stlth   +++          U - +6 ring of strength
HPRegen 1.15/turn    J - ring of see invisible
MPRegen 0.22/turn    S - +6 ring of intelligence
                     X - +5 ring of evasion

%: faith
@: ice-armoured, gold aura, under a protective aura, flying, studying Unarmed
Combat
A: almost no armour, amphibious, 8 rings, camouflage 1, gelatinous body 1,
(nimble swimmer 1), tentacles
a: Renounce Religion, Potion Petition, Call Merchant, Bribe Branch


You were in an ice cave.
You worshipped Gozag.
Gozag was most pleased with you.
You visited 4 branches of the dungeon, and saw 17 of its levels.
You also visited: Ice Cave.

You collected 4641 gold pieces.
You spent 662 gold pieces at shops.
You paid 1945 gold pieces to Gozag.

Inventory:

Hand Weapons
 g - a +3 spear of chaos
 o - a +2 scythe of protection (weapon)
 u - the +4 consecrated labrys {holy, Valiant Fragile Fly SInv}
   (You found it on level 4 of the Dungeon)

   Valiant:   It becomes more powerful as more dangerous foes come into view.
   SInv:      It lets you see invisible.
   Fly:       It grants you flight.
   Fragile:   It will be destroyed if unequipped.
 O - the +7 trident "Puapon" {flame, rF+}
   (You found it on level 5 of the Lair of Beasts)

   rF:        It protects you from fire.
 Y - the +11 short sword "Gram" {flame, rPois rF+ Int+3}
   (You found it on level 4 of the Lair of Beasts)

   Int:       It affects your intelligence (+3).
   rF:        It protects you from fire.
   rPois:     It protects you from poison.
Missiles
 c - 52 poisoned darts (quivered)
 m - 6 silver javelins
 C - 4 throwing nets
 F - 78 stones
Armour
 r - a +2 hat (worn)
Magical Staves
 V - a staff of conjuration
Jewellery
 s - a ring of ice (left tentacle)
 v - the amulet "Pickots" (around mantle) {Faith rC+ rN+ Regen+}
   (You found it on level 4 of the Dungeon)

   [amulet of faith]

   It allows you to gain divine favour quickly.
   rC:        It protects you from cold.
   rN:        It protects you from negative energy.
   Regen:     It increases your rate of health regeneration.
 J - a ring of see invisible (on tentacle)
 N - a ring of flight (right tentacle)
 Q - a ring of fire (on tentacle)
 R - a +6 ring of strength (on tentacle)
 S - a +6 ring of intelligence (on tentacle)
 T - an amulet of reflection
 U - a +6 ring of strength (on tentacle)
 X - a +5 ring of evasion (on tentacle)
Wands
 x - a wand of paralysis (25)
 y - a wand of polymorph (9)
 G - a wand of light (7)
 K - a wand of digging (7)
 L - a wand of flame (75)
 P - a wand of mindburst (16)
 W - a wand of roots (7)
Scrolls
 f - 4 scrolls of immolation
 i - 2 scrolls of summoning
 j - 3 scrolls of identify
 l - 3 scrolls of fear
 n - a scroll of enchant armour
 p - 6 scrolls of vulnerability
 q - 2 scrolls of silence {unknown}
 t - 3 scrolls of noise
 w - a scroll of revelation
 z - 2 scrolls of torment {unknown}
 B - 4 scrolls of teleportation
 D - a scroll of amnesia
 H - 3 scrolls of poison {unknown}
 I - 2 scrolls of fog {unknown}
 M - 2 scrolls of blinking
Potions
 a - 2 potions of magic
 b - a potion of resistance
 d - a potion of heal wounds
 e - 2 potions of berserk rage
 h - 2 potions of attraction
 k - a potion of invisibility
 A - 3 potions of might
 E - a potion of haste
 Z - a potion of enlightenment {unknown}


   Skills:
 + Level 6.0 Fighting
 + Level 6.4 Polearms
 + Level 6.9 Dodging
 - Level 2.6 Stealth
 + Level 3.5 Shields
 + Level 12.6 Spellcasting
 + Level 9.4 Conjurations
 - Level 0.3 Summonings
 + Level 16.3 Ice Magic
 - Level 0.1 Air Magic


You had 19 spell levels left.
You knew the following spells:

 Your Spells              Type           Power      Damage    Failure   Level
a - Freeze                Ice            100%       1d10      0%          1
b - Ozocubu's Armour      Ice            100%       N/A       0%          3
c - Frozen Ramparts       Ice            100%       1d16      0%          3
d - Hailstorm             Conj/Ice       92%        3d18      1%          3
e - Freezing Cloud        Conj/Ice/Air   38%        6-21      2%          5
f - Summon Ice Beast      Ice/Summ       75%        N/A       1%          4

Your spell library contained the following spells:

 Spells                   Type           Power      Damage    Failure   Level
 Shock                    Conj/Air       100%       1d9       1%          1
 Static Discharge         Conj/Air       84%        2-6/arc   1%          2
 Dazzling Flash           Conj/Hex       84%        N/A       1%          3
 Cigotuvi's Dreadful Rot  Necr/Pois/Air  34%        N/A       4%          2
 Gell's Gravitas          Tloc           17%        N/A       10%         3
 Ignite Poison            Fire/Tmut/Pois 25%        N/A       10%         3
 Swiftness                Air            17%        N/A       10%         3
 Teleport Other           Tloc           17%        N/A       10%         3
 Vhi's Electric Charge    Tloc/Air       34%        N/A       10%         3
 Arcjolt                  Conj/Air       21%        1d31      13%         5
 Airstrike                Air            8%         2d(2-18)  30%         4
 Summon Lightning Spire   Summ/Air       18%        N/A       30%         4
 Passage of Golubria      Tloc           17%        N/A       32%         4
 Agony                    Necr           17%        N/A       65%         5
 Silence                  Hex/Air        8%         N/A       65%         5
 Dispersal                Tloc           8%         N/A       99%         6
 Haunt                    Necr/Summ      9%         N/A       100%        7
 Borgnjor's Revivificati  Necr           8%         N/A       100%        8
 Lehudib's Crystal Spear  Conj/Erth      21%        10d6      100%        8
 Maxwell's Capacitive Co  Air            8%         ∞         100%        8
 Death's Door             Necr           8%         N/A       100%        9
 Simulacrum               Ice/Necr       Unusable   N/A       N/A         6

Dungeon Overview and Level Annotations

Branches:
Dungeon (10/15)            Temple (1/1) D:5            Lair (5/5) D:9
 Shoals (0/4) Lair:2       Spider (0/4) Lair:2        Slime (0/5) Lair:5
    Orc (1/2) D:9           IceCv (1/1)

Altars:
Ashenzari
Cheibriados
Dithmenos
Elyvilon
Fedhas
Gozag
Hepliaklqana
Kikubaaqudgha
Makhleb
Nemelex Xobeh
Okawaru
Qazlal
Ru
Sif Muna
Trog
Uskayaw
Vehumet
Wu Jian
Xom
Yredelemnul
Zin
The Shining One
Jiyva

Shops:
D:4 (   D:9 :   D:10 [(   Orc:1 (?[[=   Lair:2 *

Annotations:
D:10 3 runed translucent doors, exclusion: obsidian statue, Dorkslayer's ghost, journeyman GrFi
Lair:4 2 transporters, exclusion: 2 oklob plants, BingusPrime's ghost, journeyman TrSh
Lair:5 exclusion: obsidian statue


Innate Abilities, Weirdness & Mutations

You cannot wear most types of armour.
You are amphibious.
You can wear up to eight rings at the same time.
Your skin changes colour to match your surroundings (Stealth+).
Your rubbery body absorbs attacks. (AC +1, EV +1)
((You are camouflaged when in or above water. (Stealth+)))
You have tentacles for arms and can constrict up to eight enemies at once.


Message History

You resist.
The lindwurm simulacrum claws you but does no damage.
Casting: Hailstorm (safe; 1% risk of failure)
Confirm with . or Enter, or press ? or * to list all spells.
You feel a surge of power! A chill wind blows around you.
The lindwurm simulacrum bites you. The lindwurm simulacrum freezes you!
You resist. The lindwurm simulacrum misses you.
The lindwurm simulacrum claws you but does no damage.
The komodo dragon simulacrum closely misses you.
You barely miss the komodo dragon simulacrum.
The komodo dragon simulacrum is almost destroyed.
Your ice beast hits the lindwurm simulacrum but does no damage.
The lindwurm simulacrum bites you but does no damage.
The lindwurm simulacrum misses you. The lindwurm simulacrum claws you.
The lindwurm simulacrum freezes you. You resist.
You barely miss the komodo dragon simulacrum.
The komodo dragon simulacrum is almost destroyed.
The komodo dragon simulacrum bites you!!
The komodo dragon simulacrum freezes you!
You resist.
Your ice beast hits the lindwurm simulacrum.
Your ice beast freezes the lindwurm simulacrum.
The lindwurm simulacrum completely resists.
The lindwurm simulacrum bites you. The lindwurm simulacrum freezes you!
You resist.
* * * LOW HITPOINT WARNING * * *
The lindwurm simulacrum closely misses you. x2
You slash the lindwurm simulacrum!
Your weapon exudes an aura of protection.
The lindwurm simulacrum vaporises!
The komodo dragon simulacrum bites you but does no damage.
You hit the komodo dragon simulacrum.
You squeeze the komodo dragon simulacrum.
The komodo dragon simulacrum is almost destroyed.
The komodo dragon simulacrum bites you!
* * * LOW HITPOINT WARNING * * *
The komodo dragon simulacrum freezes you!
You resist.
You die...
Your body crumbles into a pile of gold.

#### ##..##
###....##
..##.....Z.#
.......∩.Y@#
#.......$..#
##..##....##
## ##..##
####


You could see a komodo dragon simulacrum (ally target) and a friendly ice beast
(summoned).

Vanquished Creatures
  Gastronok (D:8)
  4 dire elephants (Lair:5)
  Josephine (Lair:3)
  4 hydras
  A two-headed ogre (D:9)
  2 death yaks (Lair:4)
  A spectral dire elephant (Lair:5)
  3 skysharks
  An orb spider (Lair:2)
  4 necromancers (Lair:5)
  Pikel (D:4)
  2 dire elephant zombies (Lair:5)
  23 elephants
  Maurice (D:9)
  A gargoyle (D:10)
  7 black mambas
  A torpor snail (Lair:5)
  3 rime drakes
  Maggie (D:8)
  9 cane toads
  7 komodo dragons
  Grinder (D:4)
  3 polar bears
  25 blink frogs
  4 spectral elephants (Lair:5)
  6 dream sheep (Lair:5)
  Sigmund (D:3)
  3 wraiths (Lair:3)
  A dire elephant simulacrum (Lair:5)
  A shadow (D:10)
  48 yaks
  4 wyverns
  A basilisk (Lair:4)
  A steam dragon (D:8)
  2 death yak simulacra (Lair:5)
  Menkaure (D:4)
  A spectral cane toad (Lair:5)
  19 water moccasins
  4 ice beasts (D:9)
  8 orc warriors
  A sky beast (D:6)
  A black bear (D:6)
  An elephant zombie (Lair:5)
  2 centaurs (D:9)
  An ogre (D:4)
  8 wolves
  A kobold brigand (D:10)
  9 bullfrogs
  2 gnoll sergeants
  5 scorpions
  3 cane toad simulacra (Lair:5)
  7 wights
  4 killer bees (D:10)
  2 elephant simulacra (Lair:5)
  A lindwurm simulacrum (IceCv)
  A howler monkey (D:8)
  An electric eel (Lair:4)
  2 lava snakes (D:10)
  A crimson imp (D:6)
  2 hounds
  12 jellies (Lair:5)
  A gnoll bouda (D:7)
  7 orc priests
  3 sleepcaps
  12 orc wizards
  An iguana (D:6)
  Terence (D:3)
  16 gnolls
  6 adders
  2 shadow imps (D:6)
  3 white imps
  2 ufetubi
  A steam dragon simulacrum (IceCv)
  A dart slug (D:1)
  40 orcs
  4 bats
  12 endoplasms
  5 giant cockroaches
  8 goblins
  4 hobgoblins (D:1)
  7 jackals
  12 kobolds
  8 quokkas
  4 ball pythons
  3 frilled lizards
  2 rats
444 creatures vanquished.

Vanquished Creatures (collateral kills)
  A spectral anaconda (Lair:5)
  A troll (Orc:1)
  A water moccasin (Lair:5)
  An orc warrior (Orc:1)
  2 orc wizards (Orc:1)
  6 orcs (Orc:1)
12 creatures vanquished.

Vanquished Creatures (others)
  An orc wizard (D:6)
1 creature vanquished.

Grand Total: 457 creatures vanquished

Notes
Turn   | Place    | Note
-------+----------+-------------------------------------------
     0 | D:1      | Dawnplanks the Octopode Ice Elementalist began the quest
                  | for the Orb.
     0 | D:1      | Reached XP level 1. HP: 11/11 MP: 3/3
   165 | D:1      | Reached XP level 2. HP: 17/17 MP: 1/5
   481 | D:1      | Reached XP level 3. HP: 21/21 MP: 4/6
   511 | D:1      | Found a faded altar of an unknown god.
   825 | D:1      | Reached skill level 5 in Ice Magic
   934 | D:1      | Learned a level 3 spell: Ozocubu's Armour
  1118 | D:2      | Reached XP level 4. HP: 27/27 MP: 8/8
  1497 | D:3      | Noticed Sigmund
  1588 | D:3      | Learned a level 3 spell: Frozen Ramparts
  1592 | D:3      | Killed Sigmund
  1593 | D:3      | Reached skill level 6 in Ice Magic
  1593 | D:3      | Reached XP level 5. HP: 30/32 MP: 2/10
  1593 | D:3      | Reached XP level 6. HP: 35/37 MP: 2/11
  1907 | D:3      | Noticed Terence
  1918 | D:3      | Killed Terence
  2131 | D:3      | Found a faded altar of an unknown god.
  2144 | D:3      | Found an opulent altar of Gozag.
  2501 | D:4      | Noticed Pikel
  2506 | D:4      | Reached skill level 1 in Polearms
  2512 | D:4      | Killed Pikel
  2513 | D:4      | Reached skill level 1 in Fighting
  2513 | D:4      | Reached skill level 5 in Spellcasting
  2513 | D:4      | Reached skill level 7 in Ice Magic
  2513 | D:4      | Reached XP level 7. HP: 22/43 MP: 5/14
  2596 | D:4      | Found Veddos's Antique Weapon Shop.
  2607 | D:4      | Found the +4 consecrated labrys {holy, Valiant Fragile Fly
                  | SInv}
  2662 | D:4      | Identified the amulet "Pickots" {Faith rC+ rN+ Regen+}
  2731 | D:4      | Reached XP level 8. HP: 48/48 MP: 9/15
  2814 | D:4      | Found an ornate altar of the Wu Jian Council.
  3223 | D:4      | Noticed Menkaure
  3230 | D:4      | Killed Menkaure
  3441 | D:4      | Noticed Grinder
  3461 | D:4      | Paralysed by Grinder for 4 turns
  3466 | D:4      | Killed Grinder
  3467 | D:4      | Reached skill level 8 in Ice Magic
  3616 | D:5      | Entered Level 5 of the Dungeon
  3672 | D:5      | Learned a level 3 spell: Hailstorm
  3690 | D:5      | Found a staircase to the Ecumenical Temple.
  3698 | Temple   | Entered the Ecumenical Temple
  4050 | D:3      | Became a worshipper of Gozag Ym Sagoz the Greedy
  4367 | D:5      | Reached XP level 9. HP: 54/54 MP: 12/18
  5686 | D:6      | Reached skill level 5 in Polearms
  6849 | D:7      | Learned a level 5 spell: Freezing Cloud
  6868 | D:7      | Identified the +1 leather armour of Negligence {Rampage
                  | rC+}
  7103 | D:8      | Found a basalt altar of Yredelemnul.
  7279 | D:8      | Noticed Gastronok
  7307 | D:8      | Killed Gastronok
  7308 | D:8      | Reached skill level 1 in Shields
  7308 | D:8      | Reached skill level 9 in Ice Magic
  7308 | D:8      | Reached XP level 10. HP: 35/63 MP: 17/21
  7364 | D:8      | Noticed Maggie
  7433 | D:8      | Killed Maggie
  8263 | D:9      | Found Feulaadd's Book Shoppe.
  8494 | D:9      | Noticed Maurice
  8517 | D:9      | Killed Maurice
  8622 | D:9      | Found a staircase to the Lair.
  8634 | D:9      | Reached skill level 10 in Ice Magic
  8709 | D:9      | Noticed a two-headed ogre
  9217 | D:9      | Found a staircase to the Orcish Mines.
  9251 | D:9      | Noticed a two-headed ogre
  9258 | D:9      | Killed a two-headed ogre
  9259 | D:9      | Reached XP level 11. HP: 68/68 MP: 8/23
  9638 | D:10     | Entered Level 10 of the Dungeon
  9920 | D:10     | Found a shimmering altar of Xom.
 10313 | D:10     | Reached skill level 5 in Conjurations
 10443 | D:10     | Found Gufid's Weapon Shoppe.
 10631 | D:10     | Found a runed translucent gate.
 10631 | D:10     | Found a runed translucent gate.
 10631 | D:10     | Found a runed translucent gate.
 10633 | D:10     | Found an opulent altar of Gozag.
 10633 | D:10     | Noticed a centaur warrior
 10634 | D:10     | Noticed an obsidian statue
 10635 | D:10     | Noticed Dorkslayer's ghost (journeyman GrFi)
 10635 | D:10     | Noticed an orc knight
 10635 | D:10     | Noticed a tengu warrior
 10669 | D:10     | Found a burning altar of Makhleb.
 10669 | D:10     | Noticed a balrug
 10939 | Lair:1   | Entered Level 1 of the Lair of Beasts
 11135 | Lair:1   | Reached skill level 11 in Ice Magic
 11296 | Lair:1   | Reached skill level 5 in Dodging
 11620 | Lair:1   | Reached skill level 10 in Spellcasting
 11677 | Lair:1   | Reached XP level 12. HP: 16/74 MP: 8/26
 12119 | Lair:2   | Reached skill level 12 in Ice Magic
 12302 | Lair:2   | Noticed a five-headed hydra
 12332 | Lair:2   | Killed a six-headed hydra
 12514 | Lair:2   | Noticed a four-headed hydra
 12522 | Lair:2   | Killed a four-headed hydra
 12744 | Lair:2   | Found a staircase to the Shoals.
 12869 | Lair:2   | Found a hole to the Spider Nest.
 12874 | Lair:2   | Reached skill level 13 in Ice Magic
 13327 | Lair:2   | Bought a scroll of enchant armour for 82 gold pieces
 13327 | Lair:2   | Bought a scroll of identify for 22 gold pieces
 13724 | Lair:3   | Reached XP level 13. HP: 73/81 MP: 13/28
 14064 | Lair:3   | Reached skill level 14 in Ice Magic
 14210 | Lair:3   | Noticed Josephine
 14220 | Lair:3   | Killed Josephine
 14310 | Lair:3   | Reached skill level 5 in Fighting
 14961 | Lair:4   | Noticed BingusPrime's ghost (journeyman TrSh)
 15485 | Lair:4   | HP: 4/81 [skyshark (22)]
 15548 | Lair:4   | Identified the +11 short sword "Gram" {flame, rPois rF+
                  | Int+3}
 15613 | Lair:4   | Found a transporter.
 15714 | Lair:4   | Found a transporter.
 16079 | Lair:4   | Learned a level 4 spell: Summon Ice Beast
 16113 | Lair:5   | Entered Level 5 of the Lair of Beasts
 16212 | Lair:5   | Reached skill level 15 in Ice Magic
 16765 | Lair:5   | Reached XP level 14. HP: 82/88 MP: 24/30
 17130 | Lair:5   | Found a staircase to the Slime Pits.
 17131 | Lair:5   | Found a viscous altar of Jiyva.
 17589 | Lair:5   | Noticed a dire elephant
 17589 | Lair:5   | Noticed a dire elephant
 17589 | Lair:5   | Noticed a dire elephant
 17590 | Lair:5   | Noticed a dire elephant
 17605 | Lair:5   | HP: 3/88 [dire elephant (5)]
 17612 | Lair:5   | Killed a dire elephant
 17955 | Lair:5   | Reached skill level 16 in Ice Magic
 18038 | Lair:5   | Identified the +7 trident "Puapon" {flame, rF+}
 18479 | Lair:5   | Killed a dire elephant
 18483 | Lair:5   | Killed a dire elephant
 18509 | Lair:5   | Killed a dire elephant
 18985 | Orc:1    | Entered Level 1 of the Orcish Mines
 19184 | Orc:1    | Found Ostukly's Antique Armour Emporium.
 19215 | Orc:1    | Found Eseod's Jewellery Shoppe.
 19246 | Orc:1    | Bought a +6 ring of intelligence for 432 gold pieces
 19329 | Orc:1    | Found Hoixav's Magic Scroll Emporium.
 19340 | Orc:1    | Bought a scroll of identify for 28 gold pieces
 19340 | Orc:1    | Bought a scroll of identify for 28 gold pieces
 19340 | Orc:1    | Bought a scroll of teleportation for 42 gold pieces
 19340 | Orc:1    | Bought a scroll of identify for 28 gold pieces
 19362 | Orc:1    | Found Ries's Armour Boutique.
 19394 | Orc:1    | Found Kepare's Antique Weapon Shoppe.
 19398 | Orc:1    | Found a frozen archway.
 19407 | IceCv    | Entered an ice cave
 19421 | IceCv    | Slain by a komodo dragon simulacrum

Illustrated notes

Levels and vault maps discovered:
D:1:      saegor_arrival_simple_d, layout_loops_ring, basic_ecumenical_altar
D:2:      layout_rooms, minmay_misc_feat_columns
D:3:      layout_basic, nicolae_overflow_ecumenical_swirl, st_stairs_12,
          hangedman_decor_growths, hangedman_decor_push, uniq_terence,
          uniq_sigmund
D:4:      layout_basic, lemuel_tele_altar, serial_shops,
          nicolae_shop_statue_plus, minmay_manual_maat, uniq_pikel,
          uniq_grinder, uniq_menkaure
D:5:      layout_cave_pods, minmay_temple_entry_junction
D:6:      layout_loops_corners, minmay_fire_ice_demons
D:7:      layout_loops_ring, roderic_lattice_a, lightli_orcish_oven
D:8:      layout_gridville, mainiacjoe_overflow_alcove_1, uniq_maggie,
          uniq_gastronok
D:9:      layout_layer_cave, hellmonk_lair_entry_icy, orc_0_dummy, serial_shops,
          nicolae_shop_advertising_works [nicolae_subvault_shop_adworks],
          uniq_maurice
D:10:     layout_gridville, makhleb_altar_promises_db, general_overflow_altar,
          serial_shops, nicolae_shop_back_alley_shop, ebering_ghost_gozag,
          dreamdust_princess_bridge, hex_tiny, kennysheep_crisscross
Temple:   bh_familiar_temple
Lair:1:   layout_big_grid
Lair:2:   layout_misc_corridors, shoals_dummy_entry,
          nicolae_spider_entry_orb_guardian, st_stairs_13, grunt_megastairs_3
Lair:3:   layout_cave_pods, grunt_megastairs_5, uniq_josephine
Lair:4:   layout_loops_ring, nzn_ghost_randoct, hangedman_lair_generics_rect,
          serial_bayou_shore_a
Lair:5:   due_jungle_book, layout_gridlike, minmay_slime_entry_jelly_boxes,
          serial_forest, infiniplex_forest_clump_tiny,
          infiniplex_forest_clump_curved, infiniplex_forest_lined_room_3,
          infiniplex_forest_3_way, infiniplex_forest_straight_1,
          infiniplex_forest_end_3, infiniplex_forest_clump_medium,
          infiniplex_forest_clump_small
Orc:1:    layout_caves, serial_shops, shop, nicolae_shop_tiny_statue_garden,
          nicolae_shop_trees, nicolae_shop_gaudy_bauble,
          nicolae_shop_tiny_real_fake_doors, portal_ice_cave_entry_pillars_1
IceCv:    ice_cave_small_dragons

Skill      XL: |  1  2  3  4  5  6  7  8  9 10 11 12 13 14 |
---------------+-------------------------------------------+-----
Ice Magic      | 5 6 7 8 9 10 11 13 15 16 | 16.3
Spellcasting   | 3 5 6 7 8 10 11 12 | 12.6
Polearms       | 2 4 5 6 |  6.4
Fighting       | 1 2 3 4 5 6 |  6.0
Dodging        | 3 4 5 6 |  6.9
Shields        | 1 3 |  3.5
Conjurations   | 2 4 6 7 8 9 |  9.4
Stealth        | |  2.6
Summonings     | |  0.3
Air Magic      | |  0.1

Action                     |  1- 3 |  4- 6 |  7- 9 | 10-12 | 13-15 || total
---------------------------+-------+-------+-------+-------+-------++-------
  Melee: Tentacles         |     8 |     6 |    23 |    58 |   109 ||   204
         Constrict         |     8 |     7 |    22 |    28 |    29 ||    94
         Unarmed           |     1 |       |       |       |       ||     1
         Dagger            |    26 |    19 |       |       |       ||    45
         Halberd           |       |    21 |   112 |   196 |   359 ||   688
         Spear             |       |       |    48 |    94 |       ||   142
         Punch             |       |       |       |     3 |     8 ||    11
  Throw: Dart              |     5 |     2 |    26 |    41 |    26 ||   100
   Cast: Freeze            |    29 |     2 |       |       |     1 ||    32
         Ozocubu's Armour  |       |     8 |    27 |    45 |    65 ||   145
         Frozen Ramparts   |       |     7 |    41 |    68 |    70 ||   186
         Hailstorm         |       |       |       |    12 |    36 ||    48
         Freezing Cloud    |       |       |       |    24 |    37 ||    61
         Summon Ice Beast  |       |       |       |       |     8 ||     8
 Invoke: Call Merchant     |       |       |       |     2 |       ||     2
         Potion Petition   |       |       |       |       |     1 ||     1
  Evoke: Wand              |       |       |       |     1 |       ||     1
    Use: Scroll            |       |       |     8 |    10 |     3 ||    21
         Potion            |       |       |     2 |     2 |     8 ||    12
   Stab: Sleeping          |     8 |     5 |     8 |     2 |       ||    23
         Distracted        |       |     1 |       |       |       ||     1
 Armour: Skin              |     4 |     8 |    29 |    90 |   268 ||   399
  Dodge: Dodged            |    31 |    17 |    62 |   160 |   344 ||   614
  Block: Kite shield       |       |       |    21 |    61 |       ||    82

Table legend: (Time is in decaauts)
 A = Elapsed time spent in this place.
 B = Non-inter-level travel time spent in this place.
 C = Inter-level travel time spent in this place.
 D = Time resting spent in this place.
 E = Time spent auto-exploring this place.
 F = Levels seen in this place.
 G = Mean time per level.
                   A        B        C        D        E       F      G
               +--------+--------+--------+--------+--------+-----+--------+
         Total |  19626 |  18492 |   1134 |    186 |  15068 |  18 | 1090.3 |
       Dungeon |  10847 |  10115 |    732 |     88 |   8455 |  10 | 1084.7 |
        Temple |    186 |    165 |     21 |      0 |    161 |   1 |  186.0 |
          Lair |   8151 |   7893 |    258 |     98 |   6301 |   5 | 1630.2 |
  Orcish Mines |    426 |    303 |    123 |      0 |    151 |   1 |  426.0 |
      Ice Cave |     14 |     14 |      0 |      0 |      0 |   1 |   14.0 |
               +--------+--------+--------+--------+--------+-----+--------+

Top non-repeatable levels by time:
  Lair:5: 2829 daAuts
     D:9: 1536 daAuts
     D:4: 1466 daAuts
  Lair:3: 1442 daAuts
  Lair:2: 1384 daAuts
  Lair:4: 1352 daAuts
     D:6: 1326 daAuts
    D:10: 1270 daAuts
  Lair:1: 1142 daAuts
     D:8: 1084 daAuts
     D:1: 1015 daAuts
     D:5: 938 daAuts
     D:7: 891 daAuts
     D:3: 812 daAuts
     D:2: 504 daAuts
